 Dungeon Crawl Stone Soup version 0.21.0-3-g78d12a8 (webtiles) character file.

181 grisnicke the Charmwright (level 5, 0/42 HPs)
             Began as a Ghoul Skald on Jan 17, 2018.
             Was an Initiate of Yredelemnul.
             Slain by a river rat (7 damage)
             ... on level 4 of the Dungeon.
             The game lasted 00:19:15 (2837 turns).

grisnicke the Charmwright (Ghoul Skald)             Turns: 2837, Time: 00:19:16

Health: 0/42       AC:  7    Str: 16    XL:     5   Next: 61%
Magic:  7/7        EV: 11    Int:  8    God:    Yredelemnul [......]
Gold:   179        SH:  0    Dex:  8    Spells: 2/8 levels left

rFire    . . .     SeeInvis .   a - +0 spear
rCold    + . .     Gourm    .   (no shield)
rNeg     + + +     Faith    .   w - +0 ring mail
rPois    ∞         Spirit   .   (no helmet)
rElec    .         Reflect  .   (no cloak)
rCorr    .         Harm     .   e - +1 pair of gloves
MR       .....                  (no boots)
Stlth    ..........             (no amulet)
HPRegen  0.00/turn              (no ring)
MPRegen  0.10/turn              (no ring)

@: rotting
A: rotting body, claws 1, carnivore, cold resistance 1, negative energy
resistance 3, inhibited regeneration, torment resistance, unbreathing
a: Renounce Religion


You were on level 4 of the Dungeon.
You worshipped Yredelemnul.
Yredelemnul was noncommittal.
You were not hungry.

You visited 2 branches of the dungeon, and saw 5 of its levels.

You collected 179 gold pieces.

Inventory:

Hand Weapons
 a - a +0 spear (weapon)
 u - a +0 quarterstaff
   (You took it off a hobgoblin on level 3 of the Dungeon)
Missiles
 g - 37 bolts
 h - 139 stones
 i - 73 sling bullets
 t - 5 exploding tomahawks
 v - a tomahawk (quivered)
 y - 2 javelins of penetration
Armour
 e - a +1 pair of gloves (worn)
   (You found it on level 1 of the Dungeon)
 w - a +0 ring mail (worn)
   (You took it off an orc on level 2 of the Dungeon)
Scrolls
 b - a scroll of teleportation
 j - 2 scrolls of enchant armour
 k - a scroll of enchant weapon {unknown}
 x - a scroll of remove curse {unknown}
Potions
 f - a potion of magic {unknown}
 m - a potion of agility {unknown}
 n - 3 potions of might
 o - a potion of brilliance {unknown}
 p - a potion of invisibility {unknown}
 r - 6 potions of curing
Books
 c - a book of Battle
Comestibles
 d - 4 rations


   Skills:
 - Level 2.5 Fighting
 * Level 3.3 Polearms
 - Level 1.0 Armour
 - Level 2.0 Dodging
 - Level 2.0 Spellcasting
 * Level 1.7 Hexes
 * Level 3.6 Charms


You had 2 spell levels left.
You knew the following spells:

 Your Spells              Type           Power        Failure   Level  Hunger
a - Infusion              Chrm           #...         16%         1    ##.....
s - Shroud of Golubria    Chrm/Tloc      #.........   43%         2    ###....
z - Spectral Weapon       Hex/Chrm       #.......     56%         3    ####...


Dungeon Overview and Level Annotations

Branches:
Dungeon (4/15)             Temple (1/1) D:4

Altars:
Cheibriados
Dithmenos
Elyvilon
Gozag
Hepliaklqana
Kikubaaqudgha
Okawaru
Qazlal
Trog
Xom
Yredelemnul
Zin


Innate Abilities, Weirdness & Mutations

Your body is rotting away.
You thrive on raw meat.
You are immune to poison.
You have sharp fingernails.
You are carnivorous and can eat meat at any time.
Your flesh is cold resistant. (rC+)
You are immune to negative energy. (rN+++)
You do not regenerate when monsters are visible.
You are immune to unholy pain and torment.
You can survive without breathing.


Message History

Okay, then.
Attack whom?
Aim: a worm (lightly wounded)
You reach to attack!
You hit the worm.
Attack whom?
Aim: a worm (moderately wounded)
You reach to attack!
You hit the worm.
Attack whom?
Aim: a worm (severely wounded)
You reach to attack!
You hit the worm.
Attack whom?
Aim: a worm (almost dead)
You reach to attack!
You hit the worm but do no damage.
Attack whom?
Aim: a worm (severely wounded)
Okay, then.
Attack whom?
Aim: a worm (severely wounded)
Okay, then.
Attack whom?
Aim: a worm (severely wounded)
You reach to attack!
You hit the worm.
Attack whom?
Aim: a worm (severely wounded)
You reach to attack!
You hit the worm.
Attack whom?
Aim: a worm (severely wounded)
You reach to attack!
You hit the worm but do no damage. You hit the worm. You barely miss the worm.
The worm bites you but does no damage.
You hit the worm.
You kill the worm!
Yredelemnul accepts your kill.
Okay, then.
Unknown command.
Unknown command.
Unknown command.
Wear which item? (? for menu, Esc to quit)
Okay, then.
Unknown command.
A river rat comes into view.
Aim: a river rat You throw a tomahawk.
The tomahawk hits the river rat.
You hear a splash.
Aim: a river rat (lightly wounded)
You throw a tomahawk. The tomahawk hits the river rat.
You hear a splash.
Aim: a river rat (moderately wounded)
You throw a tomahawk.
The tomahawk barely misses the river rat.
You hear a splash.
You are too injured to fight recklessly!
Attack whom?
Aim: a river rat (moderately wounded)
You reach to attack!
You hit the river rat but do no damage. You hit the river rat but do no damage.
The river rat bites you.
You take 2 damage, and have 14/42 hp.
You hit the river rat. The river rat closely misses you.
You hit the river rat but do no damage.
The river rat bites you but does no damage.
You hit the river rat but do no damage.
The river rat bites you but does no damage.
You hit the river rat but do no damage. The river rat bites you.
* * * LOW HITPOINT WARNING * * *
You take 3 damage, and have 11/42 hp.
You hit the river rat.
The river rat bites you but does no damage.
You barely miss the river rat. The river rat misses you.
You hit the river rat.
You kill the river rat!
Yredelemnul accepts your kill.
You enter the shallow water.
Moving in this stuff is going to be slow.
You see here a river rat corpse.
You butcher the river rat corpse.
l - a chunk of flesh {@w0} Eating a chunk of flesh {@w0}.
You eat the chunk of flesh {@w0}.
This raw flesh tastes great!
You hear the brisk rusting of a drain nearby.
You regained 8 hp, and now have 19/42 hp.
A river rat comes into view.
You see here a tomahawk.
The river rat bites you.
You take 5 damage, and have 14/42 hp.
Attack whom?
Aim: a river rat You hit the river rat but do no damage.
The river rat bites you but does no damage.
You barely miss the river rat. You hit the river rat but do no damage.
The river rat bites you!
* * * LOW HITPOINT WARNING * * *
You take 7 damage, and have 7/42 hp.
You hit the river rat. The river rat barely misses you.
You hit the river rat. The river rat barely misses you.
You hit the river rat. The river rat barely misses you.
You completely miss the river rat.
The river rat bites you but does no damage.
You hit the river rat. The river rat bites you!
You die...
Yredelemnul claims you as an undead slave.

#...,,,,,,,,,,.(.#
###.#********###...#
....#∩≈≈≈≈≈*≈≈≈#...#
....#*****≈*≈#≈#≈..#
....#≈≈≈≈*≈*≈#(#≈..#
###.#≈**≈≈≈≈≈#(≈≈≈.#
# #.#*******≈#≈#≈..#
# #.#≈≈≈≈≈≈≈≈#(r≈..#
# #.#*≈******#≈#@..#
# #.#*≈≈≈≈≈≈≈#≈≈≈..#
* #!#********#≈≈...#
###.## #...###
....># #.#.# ##.###
##...# ##.# #...##
##.####### ##.#.#
#..#.....###..#.#


You could see a river rat.

Vanquished Creatures
  An orc wizard (D:3)
  6 adders
  A river rat (D:4)
  An ooze (D:1)
  2 worms
  A dart slug (D:3)
  2 leopard geckos (D:3)
  9 orcs
  5 giant cockroaches
  7 goblins
  10 hobgoblins
  A jackal (D:1)
  A quokka (D:2)
  11 bats
  5 frilled lizards
  8 kobolds
  4 rats
75 creatures vanquished.

Vanquished Creatures (others)
  2 bats (D:1)
2 creatures vanquished.

Grand Total: 77 creatures vanquished

Notes
Turn   | Place    | Note
-------+----------+-------------------------------------------
     0 | D:1      | grisnicke the Ghoul Skald began the quest for the Orb.
     0 | D:1      | Reached XP level 1. HP: 17/17 MP: 2/2
    15 | D:1      | Reached skill level 1 in Armour
    25 | D:1      | Reached skill level 2 in Polearms
    27 | D:1      | Reached XP level 2. HP: 18/24 MP: 3/3
   108 | D:1      | Reached skill level 2 in Dodging
   114 | D:1      | Learned a level 2 spell: Shroud of Golubria
   345 | D:1      | Reached skill level 2 in Spellcasting
   353 | D:1      | Reached XP level 3. HP: 25/30 MP: 3/5
   366 | D:1      | Learned a level 3 spell: Spectral Weapon
   729 | D:2      | Reached skill level 3 in Charms
   973 | D:2      | Reached XP level 4. HP: 36/37 MP: 6/6
  1524 | D:3      | Reached skill level 1 in Hexes
  1832 | D:3      | Reached skill level 3 in Polearms
  2025 | D:3      | HP: 9/37 [something/puff of flame (12)]
  2049 | D:3      | Reached XP level 5. HP: 31/42 MP: 7/7
  2664 | D:4      | Noticed a phantom
  2665 | D:4      | Found a staircase to the Ecumenical Temple.
  2685 | Temple   | Entered the Ecumenical Temple
  2698 | Temple   | Became a worshipper of Yredelemnul the Dark
  2748 | D:4      | HP: 8/42 [worm (4)]
  2759 | D:3      | HP: 4/42 [phantom (5)]
  2832 | D:4      | HP: 7/42 [river rat (7)]
  2837 | D:4      | Slain by a river rat

Skill      XL: |  1  2  3  4 |
---------------+-------------+-----
Armour         | 1 |  1.0
Polearms       | 2 3 |  3.3
Dodging        | 2 |  2.0
Spellcasting   | 2 |  2.0
Charms         | 3 |  3.6
Hexes          | 1 |  1.7
Fighting       | |  2.5

Action                   |  1- 3 |  4- 6 || total
-------------------------+-------+-------++-------
Melee: Spear             |   152 |   265 ||   417
Throw: Stone             |    14 |    12 ||    26
       Tomahawk          |       |    15 ||    15
       Javelin           |       |     4 ||     4
  Use: Scroll            |       |     5 ||     5
       Potion            |       |     1 ||     1
  Eat: Chunk             |    13 |    25 ||    38
Armor: Leather armour    |    36 |     5 ||    41
       Ring mail         |       |    54 ||    54
Dodge: Dodged            |    66 |   101 ||   167

Vault maps used:
D:1:      onia_arrival_pyramid, lemuel_old_faithful
D:3:      hex_medium, kennysheep_nub, lightli_corner_chamber
D:4:      minmay_temple_entry_statues_fountains, lightli_sewer_entry_pipes,
          uniq_natasha
Temple:   nicolae_temple_no_exploring_needed

Table legend:
 A = Turns spent in this place as a percentage of turns spent in the entire game.
 B = Non-inter-level travel turns spent in this place as a percentage of non-inter-level travel turns spent in the entire game.
 C = Inter-level travel turns spent in this place as a percentage of turns spent in this place.
 D = Turns resting spent in this place as a percentage of non-inter-level travel turns spent in this place.
 E = Turns spent auto-exploring this place as a percentage of non-inter-level travel turns spent in this place.
 F = Non-inter-level travel turns spent in this place divided by the number of levels of this place that you've seen.
                   A       B       C       D       E      F
               +-------+-------+-------+-------+-------+----------------------
         Total | 100.0 | 100.0 |   4.5 |   8.4 |  35.7 | 542.0
       Dungeon |  99.2 |  99.2 |   4.5 |   8.5 |  36.0 | 672.0
        Temple |   0.8 |   0.8 |   0.0 |   0.0 |   0.0 |  22.0
               +-------+-------+-------+-------+-------+----------------------

Table legend:
 A = Kills in this place as a percentage of kills in entire the game.
 B = Kills by you in this place as a percentage of kills by you in the entire game.
 C = Kills by friends in this place as a percentage of kills by friends in the entire game.
 D = Other kills in this place as a percentage of other kills in the entire game.
 E = Experience gained in this place as a percentage of experience gained in the entire game.
 F = Experience gained in this place divided by the number of levels of this place that you have seen.
                   A       B       C       D       E      F
               +-------+-------+-------+-------+-------+----------------------
         Total | 100.0 | 100.0 |   N/A |   N/A | 100.0 |  51.8
       Dungeon |  98.7 |  98.7 |   N/A |   N/A |  99.2 |  64.2
        Temple |   1.3 |   1.3 |   N/A |   N/A |   0.8 |   2.0
               +-------+-------+-------+-------+-------+----------------------
